 Dungeon Crawl Stone Soup version 0.21.1-1-g345015f (webtiles) character file.

63 Iko the Firebug (level 3, -45/31 HPs)
             Began as a Deep Dwarf Fire Elementalist on June 18, 2018.
             Killed from afar by a quokka (50 damage)
             ... with an exploding inner flame
             ... hexed by the player character
             ... on level 5 of the Dungeon.
             The game lasted 00:07:34 (732 turns).

Iko the Firebug (Deep Dwarf Fire Elementalist)       Turns: 732, Time: 00:07:35

Health: -45/31     AC:  4    Str: 12    XL:     3   Next: 87%
Magic:  3/5        EV: 13    Int: 15    God:
Gold:   108        SH:  0    Dex: 13    Spells: 2/5 levels left

rFire    . . .     SeeInvis .   f - -3 dagger
rCold    . . .     Gourm    .   (no shield)
rNeg     . . .     Faith    .   a - +2 robe
rPois    .         Spirit   .   (no helmet)
rElec    .         Reflect  .   (no cloak)
rCorr    .         Harm     .   (no gloves)
MR       .....                  (no boots)
Stlth    ++........             (no amulet)
HPRegen  0.00/turn              (no ring)
MPRegen  0.09/turn              (no ring)

@: non-regenerating
A: damage resistance, heal wounds, sense surroundings 1, no regeneration
a: Heal Wounds


You were on level 5 of the Dungeon.
You were hungry.

You visited 1 branch of the dungeon, and saw 5 of its levels.

You collected 108 gold pieces.

Inventory:

Hand Weapons
 d - a +0 whip
 f - a -3 dagger (weapon)
Missiles
 i - 6 tomahawks (quivered)
Armour
 a - a +2 robe (worn)
Scrolls
 e - a scroll of enchant armour
 h - a scroll of amnesia
 j - a scroll of teleportation
 l - 3 scrolls of fog
Potions
 g - a potion of curing
Books
 b - a book of Flames

   Spells                             Type                      Level
   a - Flame Tongue                   Conjuration/Fire             1
   b - Throw Flame                    Conjuration/Fire             2
   c - Conjure Flame                  Conjuration/Fire             3
   d - Inner Flame                    Hexes/Fire                   3
   e - Sticky Flame                   Conjuration/Fire             4
   f - Fireball                       Conjuration/Fire             5
Comestibles
 c - a ration


   Skills:
 + Level 1.2 Fighting
 + Level 1.3 Short Blades
 + Level 2.6 Dodging
 + Level 2.5 Stealth
 + Level 1.8 Spellcasting
   Level 1.0 Conjurations
 + Level 3.3 Fire Magic


You had 2 spell levels left.
You knew the following spells:

 Your Spells              Type           Power        Failure   Level  Hunger
a - Inner Flame           Hex/Fire       #.......     34%         3    ####...


Dungeon Overview and Level Annotations

Branches:
Dungeon (5/15)
 Temple: D:4-7

Altars:

Annotations:
D:5 Grinder, Ijyb, Menkaure


Innate Abilities, Weirdness & Mutations

You are resistant to damage.
You can heal yourself by infusing magical energy.
You passively map a small area around you.
You do not regenerate.


Message History

The quokka is moderately wounded.
The quokka twitches its whiskers.
The quokka closely misses you.
Ijyb moves out of view.
The quokka bites you.
* * * LOW HITPOINT WARNING * * *
Menkaure forgets how to speak, silenced by the ages.
You hit the quokka but do no damage.
The quokka is moderately wounded.
The quokka barely misses you.
You hit the quokka.
The quokka is heavily wounded.
The quokka bites you but does no damage.
Casting: Inner Flame
Confirm with . or Enter, or press ? or * to list all spells.
You can't see any susceptible monsters within range! (Use Z to cast anyway.) Unknown command.
You hit the quokka.
The quokka explodes!
The fiery explosion engulfs you!
Ouch! That really hurt!
You die...

#### #######
###...
#.....####
#...## *
#.###....# #.###
#..#####.#####.#
, ##@#
#...(...#* #ยง##
####.#..# , *
#Mg# ...##...(*
, ** ##.#
,..####...#..
..##.#*, ,.### #
*** *##... , ##
* #..#,* ,,
,.... , * ,
,..... ,


You could see Ijyb and Menkaure.

Vanquished Creatures
  A bullfrog skeleton (D:4)
  An adder (D:3)
  An ooze (D:3)
  A dart slug (D:1)
  A leopard gecko (D:1)
  4 bats
  3 goblins
  A hobgoblin (D:2)
  A frilled lizard (D:2)
  4 kobolds
  4 rats
22 creatures vanquished.

Notes
Turn   | Place    | Note
-------+----------+-------------------------------------------
     0 | D:1      | Iko the Deep Dwarf Fire Elementalist began the quest for the Orb.
     0 | D:1      | Reached XP level 1. HP: 15/15 MP: 3/3
   158 | D:1      | Reached skill level 3 in Fire Magic
   222 | D:1      | Reached XP level 2. HP: 22/22 MP: 1/4
   544 | D:3      | Reached skill level 1 in Fighting
   586 | D:3      | Reached XP level 3. HP: 23/31 MP: 5/5
   663 | D:4      | Reached skill level 1 in Short Blades
   663 | D:4      | Reached skill level 1 in Conjurations
   675 | D:5      | Entered Level 5 of the Dungeon
   684 | D:5      | Learned a level 3 spell: Inner Flame
   715 | D:5      | Noticed Grinder
   718 | D:5      | Noticed Menkaure
   728 | D:5      | Noticed Ijyb
   732 | D:5      | Killed from afar by a quokka

Skill      XL: |  1  2  3 |
---------------+----------+-----
Fire Magic     | 3 |  3.3
Fighting       | 1 |  1.2
Short Blades   | 1 |  1.3
Conjurations   | 1 |  1.0
Dodging        | |  2.6
Stealth        | |  2.5
Spellcasting   | |  1.8

Action                   || total
-------------------------++-------
Melee: Whip              ||    11
       Dagger            ||   188
Throw: Tomahawk          ||     2
 Cast: Flame Tongue      ||    20
       Inner Flame       ||     1
 Abil: Heal Wounds       ||     2
  Use: Scroll            ||     8
       Potion            ||     3
Armor: Robe              ||    56
Dodge: Dodged            ||   135
